 Dungeon Sprint DCSS version 0.28-a0-1567-g1695149f81 (webtiles) character file.

Game seed: 18245391563887746270

25 innerfire433 the Skirmisher (level 2, -19/26 HPs)
             Began as a Demonspawn Chaos Knight on Jan 19, 2022.
             Was a Plaything of Xom.
             Demolished by an ogre (43 damage)
             ... in the Dungeon (Sprint I: "Red Sonja").
             The game lasted 00:00:35 (27 turns).

innerfire433 the Skirmisher (Demonspawn Chaos Knight) Turns: 27, Time: 00:00:35

Health: -19/26     AC:  5    Str: 12    XL:     2   Next: 82%
Magic:  2/2        EV: 11    Int: 13    God:    Xom [..*...]
Gold:   0          SH:  0    Dex: 12    Spells: 1/1 levels left

rFire   . . .      SeeInvis .   a - +0 hand axe (chaos)
rCold   . . .      Faith    .   (no shield)
rNeg    . . .      Spirit   .   b - +2 leather armour
rPois   .          Reflect  .   (no helmet)
rElec   .          Harm     .   (no cloak)
rCorr   .          Rampage  .   (no gloves)
Will    .....      NoTele   +   (no boots)
Stlth   +.........              (no amulet)
HPRegen 0.08/turn               (no ring)
MPRegen 0.08/turn               (no ring)

@: on berserk cooldown, slowed, very slow
A: claws 1
a: Renounce Religion


You were in the Dungeon.
You worshipped Xom.
You were a toy of Xom.
You visited 1 branch

Inventory:

Hand Weapons
 a - a +0 hand axe of chaos (weapon)
Armour
 b - a +2 leather armour (worn)
 j - a +1 leather armour of poison resistance
Wands
 g - a wand of paralysis (8)
Scrolls
 h - a scroll of blinking
Potions
 c - a potion of curing
 d - a potion of heal wounds
 e - a potion of haste
 f - 2 potions of magic
 i - a potion of mutation {unknown}


   Skills:
 - Level 4.7 Fighting
 + Level 4.3 Axes
 - Level 2.4 Armour
 - Level 1.2 Dodging


You had one spell level left.
You didn't know any spells.
Your spell library was empty.

Dungeon Overview and Level Annotations

Branches:
Dungeon (1/1)

Altars:


Innate Abilities, Weirdness & Mutations

You have sharp fingernails.


Message History

Press: ? - help, Shift-Dir - straight line, f - ogre
Aim: an ogre, wielding a +0 giant club (chance to affect: 49%)
The ogre resists with some effort.
The ogre closely misses you.
Aiming: Paralyse
Press: ? - help, Shift-Dir - straight line, f/p - ogre
Aim: an ogre, wielding a +0 giant club (chance to affect: 49%)
The ogre resists with some effort.
The ogre hits you with a +0 giant club.
An ogre is nearby!
Aiming: Paralyse
Press: ? - help, Shift-Dir - straight line, f/p - ogre
Aim: an ogre, wielding a +0 giant club (chance to affect: 49%)
The ogre suddenly stops moving!
The helpless ogre fails to defend itself.
You hit the ogre but do no damage.
The ogre easily resists.
The helpless ogre fails to defend itself.
You hit the ogre.
The ogre is lightly wounded.
The helpless ogre fails to defend itself.
You hit the ogre. You burn the ogre.
The ogre is lightly wounded.
The helpless ogre fails to defend itself.
You hit the ogre.
The ogre seems to grow stronger.
Xom is amused.
The ogre is moderately wounded.
The helpless ogre fails to defend itself.
You hit the ogre but do no damage.
The ogre is moderately wounded.
The helpless ogre fails to defend itself.
You hit the ogre.
The ogre is poisoned.
The ogre is moderately wounded.
The helpless ogre fails to defend itself.
You hit the ogre. You burn the ogre.
The ogre is heavily wounded.
The ogre is no longer paralysed.
The ogre closely misses you.
You hit the ogre. You freeze the ogre.
The ogre is severely wounded.
The ogre hits you with a +0 giant club!!!
Ouch! That really hurt!
You die...
Xom guffaws!

##########
#<.#.@O..#
#..').#..+
#..#### +#
#..# #..#
#..# #⌠⌠#
####


You could see an ogre (strong, very poisoned).

Vanquished Creatures
  Ijyb (D)
1 creature vanquished.

Notes
Turn   | Place    | Note
-------+----------+-------------------------------------------
     0 | D        | innerfire433 the Demonspawn Chaos Knight began the quest
                  | for the Orb.
     0 | D        | Reached XP level 1. HP: 18/18 MP: 1/1
     1 | D        | Noticed Ijyb
     3 | D        | Paralysed by Ijyb for 4 turns
     5 | D        | XOM: silly message
    10 | D        | Killed Ijyb
    11 | D        | Reached skill level 1 in Dodging
    11 | D        | Gained mutation: You have sharp fingernails. [demonic
                  | ancestry]
    11 | D        | Reached XP level 2. HP: 26/26 MP: 2/2
    16 | D        | Noticed an ogre
    27 | D        | Demolished by an ogre

Illustrated notes

Levels and vault maps discovered:
D:        dungeon_sprint_1 [red_sonja_temple_1, red_sonja_temple_small_1]

Skill      XL: |  1 |
---------------+----+-----
Fighting       | 4 |  4.7
Axes           | 4 |  4.3
Armour         | 2 |  2.4
Dodging        | 1 |  1.2

Action                   || total
-------------------------++-------
Melee: Hand axe          ||    12
Evoke: Wand              ||     3
  Use: Potion            ||     1
 Stab: Paralysed         ||     7
Armor: Leather armour    ||     2
Dodge: Dodged            ||     3

Table legend: (Time is in decaauts)
 A = Elapsed time spent in this place.
 B = Non-inter-level travel time spent in this place.
 C = Inter-level travel time spent in this place.
 D = Time resting spent in this place.
 E = Time spent auto-exploring this place.
 F = Levels seen in this place.
 G = Mean time per level.
                   A        B        C        D        E       F      G
               +--------+--------+--------+--------+--------+-----+--------+
         Total |     32 |     32 |      0 |      0 |      1 |   1 |   32.0 |
       Dungeon |     32 |     32 |      0 |      0 |      1 |   1 |   32.0 |
               +--------+--------+--------+--------+--------+-----+--------+

Top non-repeatable levels by time:
       D: 32 daAuts
